 Dungeon Crawl Stone Soup version 0.28.0 (webtiles) character file.

Game seed: 11627802158774244664

1519 Tirrikindir the Slasher (level 8, -8/54 HPs)
             Began as an Octopode Fighter on Feb 4, 2022.
             Was a Priest of Okawaru.
             Mangled by Edmund (12 damage)
             ... on level 5 of the Dungeon.
             The game lasted 00:11:55 (5546 turns).

Tirrikindir the Slasher (Octopode Fighter)          Turns: 5546, Time: 00:11:57

Health: -8/54      AC:  1    Str: 16    XL:     8   Next: 84%
Magic:  9/11       EV: 20    Int: 10    God:    Okawaru [***...]
Gold:   200        SH:  7    Dex: 13    Spells: 7/7 levels left

rFire   . . .      SeeInvis .   a - +0 long sword
rCold   . . .      Faith    +   b - +1 buckler
rNeg    . . .      Spirit   .   (helmet restricted)
rPois   .          Reflect  .   f - amulet of faith
rElec   .          Harm     .   o - +4 ring of evasion
rCorr   .          Rampage  .   (no ring)
Will    .....                   (no ring)
Stlth   ++++++....              (no ring)
HPRegen 0.18/turn               (no ring)
MPRegen 0.12/turn               (no ring)
                                (no ring)
                                (no ring)

@: heroic
A: almost no armour, amphibious, 8 rings, camouflage 1, gelatinous body 1,
(nimble swimmer 1), tentacles
a: Renounce Religion, Heroism


You were on level 5 of the Dungeon.
You worshipped Okawaru.
Okawaru was most pleased with you.
You visited 1 branch of the dungeon, and saw 5 of its levels.
You also visited: Ossuary.

You collected 200 gold pieces.

Inventory:

Hand Weapons
 a - a +0 long sword (weapon)
 g - a +0 dagger of venom
Missiles
 k - 14 boomerangs (quivered)
Armour
 b - a +1 buckler (worn)
Jewellery
 f - an amulet of faith (around mantle)
 o - a +4 ring of evasion (left tentacle)
Wands
 e - a wand of flame (15)
Scrolls
 m - a scroll of teleportation
 n - 2 scrolls of immolation {unknown}
 s - a scroll of amnesia
 t - a scroll of brand weapon {unknown}
Potions
 c - a potion of might
 d - a potion of magic {unknown}
 h - a potion of cancellation
 i - 2 potions of attraction {unknown}
 j - 4 potions of heal wounds {unknown}
 p - 4 potions of curing
 q - 2 potions of flight {unknown}
 r - a potion of berserk rage {unknown}
 u - a potion of invisibility {unknown}
Miscellaneous
 l - a lightning rod (4/4)


   Skills:
 - Level 4.0(9.0) Fighting
 * Level 7.4(12.4) Long Blades
 - Level 4.0(9.0) Dodging
 - Level 6.0(11.0) Stealth
 - Level 4.0(9.0) Shields
 - Level 5.0 Invocations


You had 7 spell levels left.
You didn't know any spells.
Your spell library contained the following spells:

 Spells                   Type           Power      Damage    Failure   Level
 Magic Dart               Conj           0%         1d3       43%         1
 Sting                    Tmut/Pois      0%         1d3       43%         1
 Poisonous Vapours        Pois/Air       0%         N/A       56%         2
 Searing Ray              Conj           0%         2d4       56%         2
 Frozen Ramparts          Ice            0%         1d2       80%         3
 Gell's Gravitas          Tloc           0%         N/A       80%         3
 Lesser Beckoning         Tloc           0%         N/A       80%         3
 Teleport Other           Tloc           0%         N/A       80%         3
 Fulminant Prism          Conj/Hex       0%         3d6       99%         4
 Ice Form                 Ice/Tmut       0%         N/A       99%         4
 Leda's Liquefaction      Hex/Erth       0%         N/A       99%         4
 Olgreb's Toxic Radiance  Pois           0%         N/A       99%         4
 Lee's Rapid Deconstruct  Erth           0%         3d5*      100%        5
 Statue Form              Tmut/Erth      0%         N/A       100%        6
 Summon Ice Beast         Ice/Summ       Unusable   N/A       N/A         4

Dungeon Overview and Level Annotations

Branches:
Dungeon (5/15)            Ossuary (visited)
 Temple: D:4-7

Altars:
Dithmenos
Kikubaaqudgha
Okawaru

Shops:
D:3 (

Annotations:
D:5 Edmund


Innate Abilities, Weirdness & Mutations

You cannot wear most types of armour.
You are amphibious.
You can wear up to eight rings at the same time.
Your skin changes colour to match your surroundings (Stealth+).
Your rubbery body absorbs attacks. (AC +1, EV +1)
((You are camouflaged when in or above water. (Stealth+)))
You have tentacles for arms and can constrict up to eight enemies at once.


Message History

The bush is lightly damaged.
You hit the bush but do no damage. You squeeze the bush, but do no damage.
The bush is lightly damaged.
You hit the bush.
The bush is lightly damaged.
You hit the bush but do no damage. You squeeze the bush, but do no damage.
The bush is lightly damaged.
Edmund the Younger comes into view.
He is wielding a +4 dire flail of protection.
The helpless Edmund fails to defend himself.
You slash Edmund! Your grab misses Edmund.
Edmund is lightly wounded.
Edmund hits you with a +4 dire flail of protection!
You hit Edmund. Your grab misses Edmund. You squeeze Edmund, but do no damage.
Edmund is moderately wounded.
You block Edmund's attack.
You hit Edmund. Your grab misses Edmund.
Edmund is moderately wounded.
Edmund hits you with a +4 dire flail of protection!
You hit Edmund but do no damage. You grab Edmund. Your squeeze misses Edmund.
Edmund is moderately wounded.
You constrict Edmund. Edmund misses you.
You barely miss Edmund. Your squeeze misses Edmund.
Edmund is moderately wounded.
You constrict Edmund, but do no damage.
Edmund hits you with a +4 dire flail of protection!
* * * LOW HITPOINT WARNING * * *
You hit Edmund but do no damage.
Edmund is moderately wounded.
You constrict Edmund, but do no damage. Edmund misses you.
You gain the combat prowess of a mighty hero.
You constrict Edmund, but do no damage.
Edmund hits you with a +4 dire flail of protection!
* * * LOW HITPOINT WARNING * * *
You hit Edmund but do no damage.
You tentacle-slap Edmund, but do no damage.
You squeeze Edmund.
Edmund is heavily wounded.
You constrict Edmund.
Edmund hits you with a +4 dire flail of protection!
You die...

P.P...P#.........##.'......#
P.PPP.P#########..###.....#######
..P.P.P#......#....*#.....'......
PPP.P.P##.###.#.##..#.....######.
P.....P...# #.#.###..............
P.PPP.P.### #.#..................
P.P.P.P.# #.#.......###########


P.P.PPP.# #.#.@....###*#....... P.......# #.#.@.......*#.###### PPPPPPP##
#.#.###.....##.####.. ######## #...........+.......# * #..+###.....##.######
*******#+++*****##***,* # ********,,,********,,,######
***,,,**,,,*,,,,,*****#..... **,,,,,*,*,*,,,,,** #.#### **,,,,,*,,,*,,,,,** #.#
You could see Edmund.

Vanquished Creatures
  Grinder (D:3)
  Sigmund (D:3)
  A water moccasin (D:5)
  An ogre (D:5)
  A centaur (D:5)
  Blork the orc (D:5)
  An elf zombie (Ossuary)
  A scorpion (D:3)
  A water moccasin zombie (D:5)
  A howler monkey (D:5)
  Crazy Yiuf (D:5)
  3 centaur zombies (Ossuary)
  2 human zombies (Ossuary)
  A jelly (D:5)
  An orc priest (D:3)
  A centaur skeleton (D:5)
  4 hounds
  A hound skeleton (D:4)
  3 mummies
  4 adders
  An ufetubus (D:4)
  An adder zombie (Ossuary)
  A worm (D:2)
  11 dart slugs
  18 orcs
  A bat zombie (D:3)
  5 endoplasms
  3 giant cockroaches
  6 goblins
  4 hobgoblins
  A quokka (D:4)
  4 ball pythons
  5 bats
  4 frilled lizards
  2 goblin zombies (Ossuary)
  15 hobgoblin zombies
  3 kobolds
  7 kobold zombies (Ossuary)
  7 orc zombies
  3 rats
  3 rat zombies
  A bush (D:5)
137 creatures vanquished.

Notes
Turn   | Place    | Note
-------+----------+-------------------------------------------
     0 | D:1      | Tirrikindir the Octopode Fighter began the quest for the
                  | Orb.
     0 | D:1      | Reached XP level 1. HP: 16/16 MP: 1/1
   373 | D:1      | Reached XP level 2. HP: 20/21 MP: 2/2
   508 | D:1      | Reached skill level 1 in Stealth
   956 | D:2      | Reached XP level 3. HP: 26/26 MP: 3/3
  1205 | D:2      | Reached XP level 4. HP: 26/31 MP: 4/4
  1930 | D:3      | Found a faded altar of an unknown god.
  1941 | D:3      | Reached skill level 3 in Long Blades
  2063 | D:3      | Prayed at the altar of an unknown god.
  2063 | D:3      | Became a worshipper of Warmaster Okawaru
  2063 | D:3      | Reached * piety under Okawaru
  2163 | D:3      | Noticed Sigmund
  2168 | D:3      | Killed Sigmund
  2169 | D:3      | Reached skill level 1 in Invocations
  2169 | D:3      | Reached XP level 5. HP: 30/37 MP: 5/5
  2169 | D:3      | Reached XP level 6. HP: 35/43 MP: 6/6
  2271 | D:3      | Noticed Grinder
  2277 | D:3      | Killed Grinder
  2278 | D:3      | Reached skill level 4 in Long Blades
  2278 | D:3      | Reached XP level 7. HP: 40/48 MP: 8/8
  2392 | D:3      | Found Urraer's Weapon Emporium.
  2624 | D:3      | Found an ancient bone altar of Kikubaaqudgha.
  3346 | D:4      | Identified the +0 leather armour of Houfei {rN++}
  3916 | D:5      | Entered Level 5 of the Dungeon
  3985 | D:5      | Reached ** piety under Okawaru
  3986 | D:5      | Reached skill level 5 in Long Blades
  3998 | D:5      | Found a sand-covered staircase.
  4004 | D:5      | Reached skill level 5 in Stealth
  4006 | Ossuary  | Entered an ossuary
  4177 | Ossuary  | Reached XP level 8. HP: 47/54 MP: 10/10
  4418 | Ossuary  | Reached skill level 6 in Long Blades
  4564 | D:5      | Noticed Blork the orc
  4574 | D:5      | Killed Blork the orc
  4795 | D:5      | Found a runed translucent door.
  4796 | D:5      | Noticed Crazy Yiuf
  4805 | D:5      | Killed Crazy Yiuf
  4984 | D:5      | Reached *** piety under Okawaru
  5168 | D:5      | Reached skill level 7 in Long Blades
  5275 | D:5      | Reached skill level 5 in Invocations
  5277 | D:5      | Found a shadowy altar of Dithmenos.
  5536 | D:5      | Noticed Edmund
  5546 | D:5      | Mangled by Edmund

Illustrated notes

Levels and vault maps discovered:
D:1:      scummos_arrival_forest, layout_basic, minmay_misc_feat_pillars,
          minmay_misc_feat_room
D:2:      layout_basic, glass_columns_b
D:3:      layout_loops_corners, lemuel_zombie_altar_kikubaaqudgha, serial_shops,
          shop, nicolae_ecumenical_oubliette, uniq_grinder, uniq_sigmund
D:4:      kennysheep_slugbush, layout_basic, feat_on_display
D:5:      layout_basic, nemelex_altar_shiori, nicolae_dithmenos_the_darkroom,
          nicolae_ossuary_entry_giza, minmay_hedge_maze, uniq_edmund,
          uniq_crazy_yiuf_cottage, uniq_blork_the_orc

Skill      XL: |  1  2  3  4  5  6  7  8 |
---------------+-------------------------+-----
Stealth        | 1 3 5 6 |  6.0
Long Blades    | 3 4 5 7 |  7.4
Invocations    | 1 2 3 5 |  5.0
Fighting       | 4 |  4.0
Dodging        | 4 |  4.0
Shields        | 4 |  4.0

Action                   |  1- 3 |  4- 6 |  7- 9 || total
-------------------------+-------+-------+-------++-------
Melee: Long sword        |    44 |    35 |   272 ||   351
       Constrict         |    13 |    10 |    62 ||    85
       Tentacles         |     7 |     9 |    85 ||   101
       Punch             |     2 |     1 |     6 ||     9
Invok: Heroism           |       |       |     2 ||     2
  Use: Scroll            |     2 |       |     5 ||     7
       Potion            |     1 |       |       ||     1
 Stab: Sleeping          |    10 |     7 |    12 ||    29
       Distracted        |       |     1 |     1 ||     2
Armor: Skin              |     1 |     2 |     9 ||    12
Dodge: Dodged            |    24 |    14 |   163 ||   201
Block: Buckler           |     7 |     5 |    58 ||    70
